 Dungeon Crawl Stone Soup version 0.29-a0-72-g1732ff48e7 (webtiles) character file.

Game seed: 9738140444013544078

214 kae the Ruffian (level 5, 0/42 HPs)
             Began as a Draconian Transmuter on Feb 3, 2022.
             Slain by a giant cockroach (2 damage)
             ... in a sewer on Feb 4, 2022.
             The game lasted 00:03:05 (3730 turns).

kae the Ruffian (Draconian Transmuter)              Turns: 3730, Time: 00:03:06

Health: 0/42       AC:  5    Str: 11 (12) XL:     5   Next: 59%
Magic:  8/8        EV: 12    Int: 15 (16) God:
Gold:   54         SH:  0    Dex:  9 (11) Spells: 1/9 levels left

rFire   . . .      SeeInvis .     - Unarmed
rCold   . . .      Faith    .   (no shield)
rNeg    . . .      Spirit   .   (armour unavailable)
rPois   .          Reflect  .   (helmet currently unavailable)
rElec   .          Harm     .   (no cloak)
rCorr   .          Rampage  .   (no gloves)
Will    +....                   (boots currently unavailable)
Stlth   +.........              (no amulet)
HPRegen 0.14/turn               (no ring)
MPRegen 0.11/turn               (no ring)

@: mighty, appendages, slowed, invisible, very slow
A: horns 2, talons 2, AC +5, unfitting armour, cold-blooded, deterioration 1,
strong-willed 1, MP-powered wands
a: End Transformation


You were in a sewer.
You had temporarily grown beastly horns and talons.
You visited 1 branch of the dungeon, and saw 3 of its levels.
You also visited: Sewer.

You collected 54 gold pieces.

Inventory:

Potions
 b - a potion of attraction
 e - a potion of brilliance


   Skills:
 + Level 2.4 Fighting
 + Level 2.3 Dodging
 * Level 4.1 Unarmed Combat
 + Level 2.6 Spellcasting
 * Level 3.1 Transmutations
 * Level 0.7 Ice Magic
 * Level 1.8 Poison Magic


You had one spell level left.
You knew the following spells:

 Your Spells              Type           Power      Damage    Failure   Level
a - Beastly Appendage     Tmut           22%        N/A       6%          1
b - Spider Form           Tmut/Pois      9%         N/A       22%         3
c - Ice Form              Ice/Tmut       7%         N/A       67%         4

Your spell library contained the following spells:

 Spells                   Type           Power      Damage    Failure   Level
 Summon Small Mammal      Summ           4%         N/A       22%         1
 Wereblood                Tmut           11%        N/A       9%          2
 Call Canine Familiar     Summ           1%         N/A       54%         3
 Summon Guardian Golem    Hex/Summ       1%         N/A       54%         3


Dungeon Overview and Level Annotations

Branches:
Dungeon (3/15)              Sewer (1/1)

Altars:


Innate Abilities, Weirdness & Mutations

You have temporarily grown beastly horns and talons.
Your plain brown scales are hard. (AC +5)
You cannot fit into any form of body armour.
You are cold-blooded and may be slowed by cold attacks.
Your body sometimes deteriorates upon taking damage.
You are strong-willed. (Will+)
You expend magic power (3 MP) to strengthen your wands.


Message History

The ball python constricts you. The giant cockroach misses you.
You hit the ball python.
You kill the ball python!
The bullfrog hits you.
The bullfrog hits you but does no damage. x2
The endoplasm freezes you.
You are frozen.
You feel as though you will be slow longer.
The giant cockroach bites you but does no damage.
You are too injured to fight recklessly!
Okay, then.
You aren't carrying any scrolls.
It was a potion of invisibility.
You fade into invisibility!
The bullfrog hits you but does no damage.
The bullfrog barely misses you. The giant cockroach barely misses you.
The bullfrog barely misses you.
The endoplasm hits you but does no damage.
The bullfrog hits you.
Your body deteriorates!
You feel clumsy. The giant cockroach closely misses you. The bullfrog hits you.
* * * LOW HITPOINT WARNING * * *
The endoplasm hits you but does no damage.
The endoplasm freezes you.
* * * LOW HITPOINT WARNING * * *
You feel as though you will be slow longer.
The bullfrog misses you.
You feel very mighty all of a sudden. The bullfrog completely misses you.
The giant cockroach barely misses you. The endoplasm barely misses you.
The bullfrog barely misses you. The giant cockroach closely misses you.
The endoplasm hits you.
* * * LOW HITPOINT WARNING * * *
You miss the bullfrog. The bullfrog misses you.
The giant cockroach waves its antennae.
The giant cockroach closely misses you. The bullfrog closely misses you.
The endoplasm freezes you.
* * * LOW HITPOINT WARNING * * *
You feel as though you will be slow longer.
The giant cockroach bites you.
You die...

#.≈##≈≈#≈≈≈≈.≈≈#≈≈###.#≈≈#
#≈≈#≈.##≈≈≈≈≈≈≈##≈.≈#≈#≈≈#
#..#≈≈#≈≈≈≈≈≈≈≈≈#≈≈∩#≈#.≈#
#≈≈#≈≈#≈≈..≈≈.≈≈#≈.≈#≈#≈≈#
#≈≈#≈≈#≈≈≈?.≈.≈≈#≈.##≈#≈.#
#≈.#..#≈≈.??≈≈≈≈#≈≈#≈≈#..#
#≈≈#≈≈#≈≈.!($≈Fl#.≈#≈≈#≈.#
#≈.#≈.##≈..?≈JB##..#≈≈.≈≈#
#≈.##≈≈#≈≈≈..F@≈≈≈.#≈≈≈≈≈#
#≈≈≈#≈≈##≈≈≈..≈≈≈###≈≈.≈≈#
##≈≈#.≈≈##≈≈≈.≈###≈#######
#≈≈##≈.≈#######.≈≈≈≈#
#≈≈≈#≈≈≈≈≈≈≈≈≈≈≈≈≈≈≈#
##≈≈##...≈≈†.≈≈##≈≈##
#≈≈≈##≈≈.≈≈≈.##≈≈##
#.≈.≈###≈≈≈###≈≈≈#
##≈.≈≈≈#####.≈≈≈.#


You could see 2 bullfrogs, an endoplasm, a giant cockroach and a frilled lizard.

Vanquished Creatures
  A jelly (D:3)
  8 adders
  3 worms (D:2)
  2 dart slugs
  6 orcs
  6 endoplasms
  12 giant cockroaches
  6 goblins
  6 hobgoblins
  5 quokkas
  15 ball pythons
  7 bats
  6 frilled lizards
  6 kobolds
  7 rats
96 creatures vanquished.

Notes
Turn   | Place    | Note
-------+----------+-------------------------------------------
     0 | D:1      | kae the Draconian Transmuter began the quest for the Orb.
     0 | D:1      | Reached XP level 1. HP: 16/16 MP: 3/3
   568 | D:1      | Reached XP level 2. HP: 17/23 MP: 3/5
   674 | D:1      | Found a faded altar of an unknown god.
  1400 | D:2      | Reached XP level 3. HP: 22/28 MP: 4/6
  1404 | D:2      | Learned a level 3 spell: Spider Form
  2134 | D:2      | Reached XP level 4. HP: 36/36 MP: 7/7
  2737 | D:3      | Reached skill level 1 in Poison Magic
  2858 | D:2      | Gained mutation: You are strong-willed. (Will+) [potion of
                  | mutation]
  2858 | D:2      | Gained mutation: Your body sometimes deteriorates upon
                  | taking damage. [potion of mutation]
  2858 | D:2      | Gained mutation: You expend magic power (3 MP) to
                  | strengthen your wands. [potion of mutation]
  2927 | D:3      | Reached XP level 5. HP: 24/41 MP: 8/8
  2948 | D:3      | Learned a level 4 spell: Ice Form
  3000 | D:3      | Found a glowing drain.
  3062 | Sewer    | Entered a sewer
  3185 | Sewer    | Reached skill level 4 in Unarmed Combat
  3730 | Sewer    | HP: 2/42 [frozen (3)]
  3730 | Sewer    | Slain by a giant cockroach

Illustrated notes

Levels and vault maps discovered:
D:1:      lemuel_arrival_broad_hall, layout_loops_cross,
          shapermc_ecumenical_altar_starsandcircs
D:2:      layout_loops_ring, st_stairs_9, minmay_puff
D:3:      layout_basic, cheibrodos_sewer_entry_sluice, hangedman_decor_riveting
Sewer:    sewer_frog_island_02

Skill      XL: |  1  2  3  4  5 |
---------------+----------------+-----
Dodging        | 2 |  2.3
Fighting       | 2 |  2.4
Poison Magic   | 1 |  1.8
Transmutations | 3 |  3.1
Unarmed Combat | 4 |  4.1
Spellcasting   | |  2.6
Ice Magic      | |  0.7

Action                   |  1- 3 |  4- 6 || total
-------------------------+-------+-------++-------
Melee: Unarmed           |   115 |   170 ||   285
       Kick              |    16 |    16 ||    32
       Headbutt          |    18 |     8 ||    26
       Tailslap          |     5 |    13 ||    18
       Punch             |     1 |     6 ||     7
 Cast: Beastly Appendage |    25 |    18 ||    43
       Spider Form       |       |     5 ||     5
  Use: Scroll            |     2 |     4 ||     6
       Potion            |       |     9 ||     9
 Stab: Sleeping          |     1 |       ||     1
Armor: Skin              |    26 |    71 ||    97
Dodge: Dodged            |    72 |   158 ||   230

Table legend: (Time is in decaauts)
 A = Elapsed time spent in this place.
 B = Non-inter-level travel time spent in this place.
 C = Inter-level travel time spent in this place.
 D = Time resting spent in this place.
 E = Time spent auto-exploring this place.
 F = Levels seen in this place.
 G = Mean time per level.
                   A        B        C        D        E       F      G
               +--------+--------+--------+--------+--------+-----+--------+
         Total |   3779 |   3738 |     41 |     26 |   2882 |   4 |  944.8 |
       Dungeon |   3053 |   3012 |     41 |     26 |   2361 |   3 | 1017.7 |
         Sewer |    726 |    726 |      0 |      0 |    521 |   1 |  726.0 |
               +--------+--------+--------+--------+--------+-----+--------+

Top non-repeatable levels by time:
     D:2: 1489 daAuts
     D:1: 1233 daAuts
   Sewer: 726 daAuts
     D:3: 330 daAuts
